Map: Eastwatch LE

Players

MountainYamz

  • Race: Terran Terran
  • League: Gold
  • Spawn Location: 1:00

ShadyBear - Winner!

  • Race: Zerg Zerg
  • League: Gold
  • Spawn Location: 7:00

VOD

Have the link to the VOD?

Description

Time

  • Played on: April 14, 2018, 2:58 p.m.
  • Length: 12:46
Show
View Real Time Build Order
Export as new Build Order

MountainYamz Terran 

Build Orders: Reaper Expand, MMM Bio 

Get SALT Encoding   

  12  0:01  SCV  
  13  0:15  Supply Depot  
  13  0:18  SCV  
  14  0:30  SCV  
  15  0:41  Barracks  
  15  0:42  SCV  
  16  0:48  Refinery  
  16  0:54  SCV  
  17  1:08  SCV  
  18  1:31  Orbital Command  
  18  1:33  Supply Depot  
  18  1:34  Reaper  
  19  2:03  Command Center  
  19  2:06  Refinery  
  19  2:12  Barracks Reactor  
  19  2:25  Barracks  
  19  2:31  SCV  
  20  2:43  SCV  
  21  2:44  Factory  
  21  2:57  Marine  
  21  2:58  Marine  
  23  3:15  Marine x2  
  23  3:19  Barracks Tech Lab  
  24  3:23  Engineering Bay  
  24  3:27  Orbital Command  
  24  3:33  Marine x2  
  26  3:34  Factory Reactor  
  26  3:37  SCV  
  26  3:39  Starport  
  27  3:51  Marine  
  27  3:53  SCV  
  27  3:54  SCV  
  30  4:05  SCV  
  29  4:22  Factory Tech Lab  
  29  4:23  Medivac  
  38  4:24  Medivac  
  31  4:26  SCV  
  34  4:32  Supply Depot  
  34  4:35  Terran Infantry Weapons Level 1  
  34  4:37  Stimpack  
  34  4:38  SCV  
  34  4:44  Marine x2  
  37  4:45  Marine  
  38  5:07  SCV  
  39  5:09  Marine x2  
  39  5:11  Siege Tank  
  39  5:12  Medivac  
  46  5:19  SCV  
  45  5:23  Marine  
  45  5:27  Marine  
  47  5:36  Marine  
  47  5:41  Marine  
  44  6:18  Marine x3  
  44  6:23  Siege Tank  
  50  6:28  Orbital Command  
  50  6:36  Marine x3  
  53  6:52  SCV  
  54  6:58  Supply Depot  
  54  6:59  Terran Infantry Armor Level 1  
  54  7:20  SCV x2, Marine x2  
  58  7:25  Refinery, Marine  
  58  7:27  Combat Shields  
  59  7:32  SCV x2  
  59  7:33  Supply Depot  
  61  7:37  Marine  
  61  7:41  Supply Depot  
  62  7:55  Medivac, SCV x2, Marine x2  
  62  7:58  Refinery, Marine  
  69  8:07  SCV x2  
  71  8:12  Marine x2  
  71  8:13  Barracks  
  71  8:16  Marine  
  71  8:19  SCV  
  75  8:26  SCV  
  76  8:30  Marine x2  
  78  8:53  Supply Depot x2  
  78  8:57  Missile Turret  
  78  8:59  Missile Turret  
  78  9:14  SCV x2, Marine x3  
  83  9:18  Barracks Reactor  
  83  9:21  Command Center  
  83  9:26  SCV x2  
  85  9:32  Marine x3  
  88  9:38  SCV x2  
  88  9:45  Supply Depot x2  
  90  9:50  Marine x3  
  90  9:52  Armory  
  89  10:01  Marine x2  
  91  10:07  Marine x2, Missile Turret  
  91  10:09  Marine  
  94  10:18  Missile Turret  
  94  10:19  Marine  
  85  10:42  SCV x2  
  80  10:49  Marine x4  
  82  10:54  SCV x2  
  79  11:06  SCV x2  
  79  11:07  Marine x2  
  79  11:08  Marine x3  
  78  11:25  Marine  
  66  11:26  Marine x2  
  66  11:27  Marine x2  
  60  11:43  Marine  
  60  11:44  Missile Turret, Marine x2  
  60  11:45  Marine x2  
  63  11:58  Medivac  
  63  11:59  Medivac  
  63  12:01  Marine  
  67  12:02  Marine x2  
  67  12:03  Marine x2  
  72  12:19  Marine  
  72  12:20  Missile Turret, Marine x2  
  72  12:21  Marine  
  77  12:41  Missile Turret  
Show
View Real Time Build Order
Export as new Build Order

ShadyBear Zerg - Winner!

Build Orders: Pool First 

Get SALT Encoding   

  12  0:01  Drone  
  13  0:08  Drone  
  14  0:26  Spawning Pool  
  13  0:29  Drone  
  14  0:38  Overlord  
  14  0:56  Drone  
  14  0:57  Drone x2  
  17  1:09  Drone  
  18  1:13  Queen  
  20  1:19  Drone  
  21  1:30  Roach Warren  
  21  1:31  Extractor, Drone  
  20  1:55  Hatchery  
  19  2:02  Drone x2  
  19  2:03  Drone  
  22  2:13  Overlord  
  22  2:32  Zergling x2  
  22  2:35  Roach x3  
  29  3:08  Queen  
  29  3:09  Drone  
  32  3:22  Roach x2  
  32  3:23  Overlord x2  
  36  3:42  Drone x3  
  39  3:56  Burrow  
  39  4:00  Hatchery  
  38  4:18  Drone x6  
  38  4:19  Drone x3  
  38  4:20  Drone x3  
  50  4:34  Drone  
  50  4:36  Drone  
  50  4:37  Overlord x2  
  52  4:43  Extractor  
  51  4:46  Extractor  
  50  5:09  Lair  
  49  5:31  Drone x2  
  51  5:40  Roach  
  51  5:54  Roach x4  
  51  6:00  Roach  
  47  6:37  Extractor  
  47  6:38  Extractor  
  47  6:39  Extractor  
  44  6:45  Spire  
  41  6:50  Drone x2, Infestation Pit  
  41  6:51  Drone x3  
  41  6:53  Roach x7  
  59  6:58  Queen  
  61  7:03  Drone x3  
  64  7:14  Zergling x2  
  64  7:15  Zergling x8  
  69  7:16  Roach x2  
  69  7:17  Overlord x4  
  69  7:18  Overlord x3  
  73  7:28  Hive  
  73  7:40  Drone  
  73  7:44  Infestor x2  
  74  7:47  Drone  
  74  7:48  Drone  
  80  7:58  Roach x2  
  80  8:20  Drone x5, Roach  
  84  8:46  Mutalisk x3  
  84  8:47  Mutalisk x9  
  84  8:48  Mutalisk  
  106  9:14  Greater Spire  
  106  9:36  Corruptor x2  
  106  9:37  Corruptor x6  
  111  10:31  Mutalisk  
  111  10:32  Mutalisk x6  
  102  10:51  Brood Lord x3  
  87  12:20  Hatchery  
  86  12:38  Hatchery  
Tags
 
Composition
MMM Bio
League
GoldGold
Matchup
TvZ
Spawn Locations
Cross Positions
Add a new tag
Caveats
  • Supply blocks, unpowered buildings, or Contaminate may cause inaccurate times.
  • Supply counts are checked every 10 seconds.